 Dungeon Crawl Stone Soup version 0.21-a0-440-g28109cb (webtiles) character file.

79 tof the Slasher (level 4, 0/40 HPs)
             Began as a Minotaur Monk on Nov 10, 2017.
             Slain by a gnoll
             ... wielding a +0 flail
              (4 damage)
             ... on level 2 of the Dungeon.
             The game lasted 00:03:50 (2218 turns).

tof the Slasher (Minotaur Monk)                     Turns: 2218, Time: 00:03:51

Health: 0/40       AC:  5    Str: 15    XL:     4   Next: 17%
Magic:  3/3        EV: 12    Int:  7    God:
Gold:   82         SH:  0    Dex: 14    Spells: 3/3 levels left

rFire    . . .     SeeInvis .   u - -2 short sword (curse)
rCold    . . .     Gourm    .   (no shield)
rNeg     . . .     Faith    .   d - +0 ring mail
rPois    .         Spirit   .   (helmet restricted)
rElec    .         Reflect  .   (no cloak)
rCorr    .         Harm     .   (no gloves)
MR       .....                  (no boots)
Stlth    +.........             (no amulet)
HPRegen  0.13/turn              (no ring)
MPRegen  0.08/turn              (no ring)

@: no status effects
A: retaliatory headbutt, horns 2
a: no special abilities


You were on level 2 of the Dungeon.
You were very hungry.

You visited 1 branch of the dungeon, and saw 3 of its levels.

You collected 82 gold pieces.

Inventory:

Hand Weapons
 a - a +0 falchion
 u - a cursed -2 short sword (weapon)
Armour
 b - a +0 robe
 d - a +0 ring mail (worn)
Wands
 n - a wand of clouds (5/9)
Scrolls
 f - 4 scrolls of identify {unknown}
 g - 2 scrolls of enchant armour {unknown}
 j - a scroll of recharging {unknown}
 p - 3 scrolls of teleportation {unknown}
 q - a scroll of fear {unknown}
 s - a scroll of enchant weapon {unknown}
 t - 2 scrolls of magic mapping {unknown}
 v - a scroll of remove curse {unknown}
Potions
 e - 2 potions of heal wounds {unknown}
 i - 2 potions of lignification {unknown}
 k - 2 potions of resistance {unknown}
 o - a potion of curing {unknown}
 r - a potion of mutation {unknown}
Comestibles
 c - a bread ration
 h - a meat ration
 l - a royal jelly
 m - a fruit


   Skills:
 + Level 4.2 Fighting
 * Level 4.8 Long Blades
 + Level 1.8 Armour
 + Level 3.8 Dodging
 - Level 1.5 Stealth


You had 3 spell levels left.
You didn't know any spells.

Dungeon Overview and Level Annotations

Branches:
Dungeon (3/15)

Altars:
Vehumet


Innate Abilities, Weirdness & Mutations

You reflexively headbutt those who attack you in melee.
You have a pair of horns on your head.


Message History

There is a stone staircase leading up here.
The gnoll closely misses you. The gnoll barely misses you.
The gnoll hits you from afar with a halberd.
The gnoll barely misses you.
You climb upwards.
There is a stone staircase leading down here.
You hit the gnoll.
The gnoll is moderately wounded.
The gnoll hits you. The gnoll closely misses you.
You hit the gnoll but do no damage.
The gnoll is moderately wounded.
The gnoll hits you.
You closely miss the gnoll. The gnoll closely misses you. The gnoll hits you!
* * * LOW HITPOINT WARNING * * *
You closely miss the gnoll.
You are feeling very hungry.
The gnoll hits you.
* * * LOW HITPOINT WARNING * * *
The gnoll hits you with a flail.
You die...

#.# ##.####### #........#
#..#...#.# #....#...#######
####...###........#
........#...#####.# #####
####......#.#####.#### #...#####
#........#..g@g...####.#......
##.#######.###.##.##.......###
#.# #.# #.##.##.##.##.# ##'##
#.###)##.##.##.##.# ##.^.##
#..).....##.##.##.### ##.....##
#####.#####.##...)..# ##.......##
##.#.## #.#####.#.#
#.........####.....####.####....#
'......(..'........>....(........


You could see 2 gnolls.

Vanquished Creatures
  3 gnolls (D:2)
  4 leopard geckos
  3 bats
  A giant cockroach (D:1)
  2 goblins (D:1)
  7 hobgoblins
  8 jackals
  2 ball pythons (D:1)
  2 frilled lizards (D:1)
  6 kobolds
  4 rats
42 creatures vanquished.

Notes
Turn   | Place    | Note
-------+----------+-------------------------------------------
     0 | D:1      | tof the Minotaur Monk began the quest for the Orb.
     0 | D:1      | Reached XP level 1. HP: 19/19 MP: 0/0
    84 | D:1      | Reached XP level 2. HP: 24/27 MP: 1/1
   464 | D:1      | Reached skill level 1 in Armour
   691 | D:1      | Reached XP level 3. HP: 33/33 MP: 2/2
  1577 | D:2      | Reached XP level 4. HP: 34/40 MP: 3/3
  1822 | D:2      | Found a radiant altar of Vehumet.
  2218 | D:2      | Slain by a gnoll

Vault maps used:
D:1:      evilmike_arrival_home_sweet_home
D:2:      vehumet_crystals

Skill      XL: |  1  2  3 |
---------------+----------+-----
Long Blades    | 4 |  4.8
Armour         | 1 |  1.8
Fighting       | 4 |  4.2
Dodging        | |  3.8
Stealth        | |  1.5

Action                   |  1- 3 |  4- 6 || total
-------------------------+-------+-------++-------
Melee: Falchion          |    65 |     9 ||    74
       Headbutt          |     9 |     4 ||    13
       Short sword       |       |     4 ||     4
 Stab: Sleeping          |       |     1 ||     1
  Eat: Chunk             |     2 |     1 ||     3
Armor: Ring mail         |    12 |     7 ||    19
Dodge: Dodged            |    42 |    14 ||    56
       Rpst.: Falchion   |     7 |     1 ||     8

Table legend:
 A = Spawn XP
 B = Non-spawn XP
 C = Spawn XP percentage of total XP
 D = Spawn monster count
 E = Non-spawn monster count
 F = Spawn count percentage of total count
 G = Total turns spent on level
                    A         B        C        D         E        F      G
               +---------+---------+-------+---------+---------+-------+---------
         Total |       0 |     114 |   0.0 |       0 |      42 |   0.0 |  2218
               +---------+---------+-------+---------+---------+-------+---------
           D:1 |       0 |      51 |   0.0 |       0 |      28 |   0.0 |   990
           D:2 |       0 |      63 |   0.0 |       0 |      14 |   0.0 |  1200
               +---------+---------+-------+---------+---------+-------+---------
